Canadiens vs Sabres

Created - January 30 2008 at 18:35

Goals
1 2 3 T
Canadiens 0 2 2 4
Sabres 1 1 1 3
Shots
1 2 3 T
Canadiens 12 12 7 31
Sabres 15 12 24 51

Period #1

1. Sabres , Nathan Horton 15 (Thomas Vanek, Ryan Miller) at 4:46 (PP)

Penalties :
Derek Roy (BUF) for Hooking (Minor) at 0:23, Darcy Tucker (MTL) for Roughing (Minor) at 1:14, Keith Carney (MTL) for Tripping (Minor) at 3:28, Henrik Zetterberg (BUF) for Hooking (Minor) at 7:13, Keith Carney (MTL) for Cross-checking (Minor) at 11:15, Ed Jovanovski (MTL) for Tripping (Minor) at 11:26, Rob Blake (BUF) for Tripping (Minor) at 17:53, Darcy Tucker (MTL) for High sticking (Minor) at 18:45

Period #2

2. Canadiens , Mike Comrie 13 (Alexei Yashin, Ales Hemsky) at 15:07 (PP)
3. Sabres , Jochen Hecht 9 (Toni Lydman, Derek Roy) at 19:06
4. Canadiens , Alexei Yashin 13 (Keith Carney, Jon Sim) at 19:26

Penalties :
Jochen Hecht (BUF) for Hooking (Minor) at 1:33, Brian Rafalski (MTL) for Unsportsmanlike conduct (Major / Game Misconduct) at 4:56, Ed Jovanovski (MTL) for Hooking (Minor) at 11:47, Danny Markov (BUF) for Charging (Minor) at 14:40, Jochen Hecht (BUF) for Roughing (Minor) at 16:40

Period #3

5. Canadiens , Alexei Yashin 14 (Ed Jovanovski, Brian Gionta) at 1:03 (PP)
6. Sabres , Nathan Horton 16 (Thomas Vanek, John-Michael Liles) at 2:22
7. Canadiens , Alexei Yashin 15 (Jon Sim, Filip Kuba) at 6:58

Penalties :
Michael Ryder (BUF) for Holding (Minor) at 0:55, Dmitri Kalinin (BUF) for Hooking (Minor) at 7:13, Ales Hemsky (MTL) for Roughing (Minor) at 8:36, Andrej Meszaros (MTL) for Holding (Minor) at 11:35, Johan Franzen (BUF) for Interference (Minor) at 13:42, Mike Comrie (MTL) for Interference (Minor) at 18:08

Goalie Stats

Roberto Luongo (MTL), 48 saves from 51 shots - (0.941), W, 30-23-1, 60:00 minutes
Ryan Miller (BUF), 27 saves from 31 shots - (0.871), L, 26-16-5, 59:34 minutes

Players Stats

Canadiens
Player Name              G  A  P  +/- PIM S  H  SB FO MP 
-----------------------------------------------------------
Ales Hemsky              0  1  1  -1  2   2  0  1  3  19 
Alexei Yashin            3  1  4   2  0   6  1  1  32 25 
Andrej Meszaros          0  0  0  -1  2   0  2  3  0  8  
Antoine Vermette         0  0  0  -1  0   1  1  0  14 9  
Brian Gionta             0  1  1   0  0   3  0  0  0  13 
Brian Rafalski           0  0  0   0  15  1  0  1  0  11 
Darcy Tucker             0  0  0   0  4   3  1  0  3  13 
Ed Jovanovski            0  1  1   0  4   2  0  2  0  23 
Filip Kuba               0  1  1   2  0   0  0  1  0  19 
Jon Sim                  0  2  2   2  0   0  0  0  1  11 
Keith Carney             0  1  1   2  4   0  2  1  0  10 
Lubomir Visnovsky        0  0  0  -2  0   3  0  0  0  24 
Mathieu Dandenault       0  0  0   2  0   1  0  0  0  9  
Mike Comrie              1  0  1  -1  2   6  2  1  2  23 
Mike Ribeiro             0  0  0  -1  0   1  2  0  28 21 
Ryan Whitney             0  0  0  -1  0   0  1  2  0  26 
Scott Gomez              0  0  0  -1  0   2  0  0  22 23 
Stephane Veilleux        0  0  0  -1  0   0  0  0  0  8  
Sabres
Player Name              G  A  P  +/- PIM S  H  SB FO MP 
-----------------------------------------------------------
Brian Campbell           0  0  0   0  0   1  0  2  0  22 
Chris Drury              0  0  0   0  0   1  1  0  5  8  
Daniel Briere            0  0  0   0  0   0  0  0  0  2  
Danny Markov             0  0  0   1  2   1  0  2  0  14 
Derek Roy                0  1  1   1  2   4  0  0  15 13 
Dmitri Kalinin           0  0  0   0  2   3  0  2  0  24 
Doug Weight              0  0  0  -1  0   0  0  0  6  4  
Henrik Zetterberg        0  0  0  -1  2   4  0  2  15 23 
Jochen Hecht             1  0  1   1  4   5  0  0  1  13 
Johan Franzen            0  0  0   0  2   3  2  0  31 26 
John-Michael Liles       0  1  1   0  0   4  3  2  0  25 
Michael Ryder            0  0  0   0  2   3  2  0  18 25 
Milan Hejduk             0  0  0   0  0   6  1  0  2  23 
Nathan Horton            2  0  2   0  0   6  1  0  2  19 
Nathan Paetsch           0  0  0  -1  0   0  0  0  0  4  
Rob Blake                0  0  0  -1  2   2  2  0  0  23 
Thomas Vanek             0  2  2   0  0   8  0  0  10 22 
Toni Lydman              0  1  1   1  0   0  0  0  0  15 

3 Stars

1 - Alexei Yashin (MTL)
2 - Nathan Horton (BUF)
3 - Jon Sim (MTL)

Power Play

Canadiens - 2 on 9 Attempt(s) - 22.22%
Sabres - 1 on 10 Attempt(s) - 10.00%

Penalty Kill

Canadiens - 9 on 10 Attempt(s) - 90.00% - Score 0 goal in Penalty Kill
Sabres - 7 on 9 Attempt(s) - 77.78% - Score 0 goal in Penalty Kill

Game Notes

Brian Rafalski ejected from game at 4:56 of 2nd period
Alexei Yashin has scored a Hat Trick!

Finance

Level 1 -- Attendance: 5869 (97.82%) -- Ticket Income $528,210.00
Level 2 -- Attendance: 4838 (96.76%) -- Ticket Income $266,090.00
Level 3 -- Attendance: 1446 (64.27%) -- Ticket Income $50,610.00
Level 4 -- Attendance: 2761 (64.96%) -- Ticket Income $69,025.00
Luxury Box -- Attendance: 904 (90.40%) -- Ticket Income $171,760.00
Game was played at the HSBC Arena
Total Attendance: 15818 (85.50%)
Total Ticket Income: $1,150,610.00
Other Income: $159,191.70
Total Income: $1,309,802.00


Play by Play

Period #1

0:01 of 1st period - Johan Franzen wins face-off versus Scott Gomez in neutral zone.
0:12 of 1st period - Shot by Henrik Zetterberg.
0:12 of 1st period - Stopped by Roberto Luongo without a rebound.
0:13 of 1st period - Michael Ryder wins face-off versus Mike Ribeiro in Canadiens zone.
0:20 of 1st period - Shot by Thomas Vanek.
0:20 of 1st period - Stopped by Roberto Luongo without a rebound.
0:21 of 1st period - Alexei Yashin wins face-off versus Derek Roy in Canadiens zone.
0:23 of 1st period - Minor Penalty to Derek Roy for Hooking.
0:24 of 1st period - Alexei Yashin wins face-off versus Johan Franzen in Canadiens zone.
0:37 of 1st period - Shot by Lubomir Visnovsky.
0:37 of 1st period - Shot Misses the Net.
0:43 of 1st period - Shot by Lubomir Visnovsky.
0:43 of 1st period - Shot Misses the Net.
0:47 of 1st period - Shot by Mike Comrie.
0:47 of 1st period - Shot Misses the Net.
0:49 of 1st period - Shot by Lubomir Visnovsky.
0:49 of 1st period - Shot Misses the Net.
1:14 of 1st period - Minor Penalty to Darcy Tucker for Roughing.
1:15 of 1st period - Mike Ribeiro wins face-off versus Henrik Zetterberg in neutral zone.
1:58 of 1st period - Shot by Milan Hejduk.
1:58 of 1st period - Stopped by Roberto Luongo without a rebound.
1:59 of 1st period - Alexei Yashin wins face-off versus Johan Franzen in Canadiens zone.
2:22 of 1st period - Shot by Scott Gomez.
2:22 of 1st period - Shot Misses the Net.
2:38 of 1st period - Shot by Chris Drury.
2:38 of 1st period - Stopped by Roberto Luongo without a rebound.
2:39 of 1st period - Johan Franzen wins face-off versus Mike Ribeiro in Canadiens zone.
2:53 of 1st period - Icing by Rob Blake.
2:54 of 1st period - Johan Franzen wins face-off versus Mike Ribeiro in Sabres zone.
3:01 of 1st period - Shot by Henrik Zetterberg.
3:01 of 1st period - Shot Blocked by Ed Jovanovski.
3:03 of 1st period - Shot by Johan Franzen.
3:03 of 1st period - Stopped by Roberto Luongo without a rebound.
3:04 of 1st period - Michael Ryder wins face-off versus Alexei Yashin in Canadiens zone.
3:28 of 1st period - Minor Penalty to Keith Carney for Tripping.
3:29 of 1st period - Mike Ribeiro wins face-off versus Johan Franzen in Canadiens zone.
4:36 of 1st period - Shot by Milan Hejduk.
4:36 of 1st period - Stopped by Roberto Luongo without a rebound.
4:37 of 1st period - Alexei Yashin wins face-off versus Chris Drury in Canadiens zone.
4:46 of 1st period - Shot by Nathan Horton.
4:46 of 1st period - Goal by Nathan Horton - Canadiens : 0 - Sabres : 1.
4:47 of 1st period - Alexei Yashin wins face-off versus Derek Roy in neutral zone.
5:58 of 1st period - Icing by Danny Markov.
5:59 of 1st period - Derek Roy wins face-off versus Antoine Vermette in Sabres zone.
6:36 of 1st period - Shot by Antoine Vermette.
6:36 of 1st period - Stopped by Ryan Miller without a rebound.
6:37 of 1st period - Chris Drury wins face-off versus Mike Ribeiro in Sabres zone.
6:50 of 1st period - Darcy Tucker is hit by Rob Blake and loses puck.
7:13 of 1st period - Minor Penalty to Henrik Zetterberg for Hooking.
7:14 of 1st period - Alexei Yashin wins face-off versus Michael Ryder in neutral zone.
7:40 of 1st period - Shot by Lubomir Visnovsky.
7:40 of 1st period - Shot Blocked by John-Michael Liles.
7:42 of 1st period - Shot by Mike Comrie.
7:42 of 1st period - Stopped by Ryan Miller with a rebound.
7:46 of 1st period - Shot by Lubomir Visnovsky.
7:46 of 1st period - Shot Misses the Net.
7:48 of 1st period - Shot by Alexei Yashin.
7:48 of 1st period - Stopped by Ryan Miller with a rebound.
7:50 of 1st period - Shot by Alexei Yashin.
7:50 of 1st period - Shot Blocked by Dmitri Kalinin.
8:09 of 1st period - Off-side.
8:10 of 1st period - Scott Gomez wins face-off versus Thomas Vanek in neutral zone.
8:25 of 1st period - Shot by Brian Gionta.
8:25 of 1st period - Stopped by Ryan Miller without a rebound.
8:26 of 1st period - Scott Gomez wins face-off versus Johan Franzen in Sabres zone.
8:27 of 1st period - Shot by Ed Jovanovski.
8:27 of 1st period - Stopped by Ryan Miller without a rebound.
8:28 of 1st period - Thomas Vanek wins face-off versus Scott Gomez in Sabres zone.
8:41 of 1st period - Shot by Ryan Whitney.
8:41 of 1st period - Shot Misses the Net.
9:18 of 1st period - Icing by Toni Lydman.
9:19 of 1st period - Derek Roy wins face-off versus Alexei Yashin in Sabres zone.
9:26 of 1st period - Shot by Derek Roy.
9:26 of 1st period - Stopped by Roberto Luongo without a rebound.
9:27 of 1st period - Alexei Yashin wins face-off versus Derek Roy in Canadiens zone.
9:48 of 1st period - Shot by Henrik Zetterberg.
9:48 of 1st period - Deflect By Jochen Hecht.
9:48 of 1st period - Shot Misses the Net.
9:50 of 1st period - Shot by Henrik Zetterberg.
9:50 of 1st period - Shot Misses the Net.
9:52 of 1st period - Shot by Danny Markov.
9:52 of 1st period - Stopped by Roberto Luongo without a rebound.
9:53 of 1st period - Scott Gomez wins face-off versus Michael Ryder in Canadiens zone.
10:34 of 1st period - Icing by Dmitri Kalinin.
10:35 of 1st period - Michael Ryder wins face-off versus Mike Ribeiro in Sabres zone.
10:35 of 1st period - Michael Ryder is hit by Darcy Tucker.
11:00 of 1st period - Shot by Brian Gionta.
11:00 of 1st period - Deflect By Darcy Tucker.
11:00 of 1st period - Stopped by Ryan Miller without a rebound.
11:01 of 1st period - Johan Franzen wins face-off versus Alexei Yashin in Sabres zone.
11:14 of 1st period - Shot by Henrik Zetterberg.
11:14 of 1st period - Shot Blocked by Keith Carney.
11:15 of 1st period - Minor Penalty to Keith Carney for Cross-checking.
11:16 of 1st period - Johan Franzen wins face-off versus Mike Ribeiro in Canadiens zone.
11:17 of 1st period - Shot by Rob Blake.
11:17 of 1st period - Shot Blocked by Ryan Whitney.
11:26 of 1st period - Minor Penalty to Ed Jovanovski for Tripping.
11:27 of 1st period - Johan Franzen wins face-off versus Alexei Yashin in Canadiens zone.
11:28 of 1st period - Shot by Brian Campbell.
11:28 of 1st period - Stopped by Roberto Luongo without a rebound.
11:29 of 1st period - Johan Franzen wins face-off versus Scott Gomez in Canadiens zone.
11:41 of 1st period - Icing by Johan Franzen.
11:42 of 1st period - Scott Gomez wins face-off versus Henrik Zetterberg in Sabres zone.
11:45 of 1st period - Shot by Lubomir Visnovsky.
11:45 of 1st period - Shot Misses the Net.
11:48 of 1st period - Icing by Brian Campbell.
11:49 of 1st period - Johan Franzen wins face-off versus Alexei Yashin in Sabres zone.
13:13 of 1st period - Shot by John-Michael Liles.
13:13 of 1st period - Stopped by Roberto Luongo with a rebound.
13:15 of 1st period - Shot by Dmitri Kalinin.
13:15 of 1st period - Stopped by Roberto Luongo without a rebound.
13:16 of 1st period - Mike Comrie wins face-off versus Johan Franzen in Canadiens zone.
13:32 of 1st period - Derek Roy is hit by Andrej Meszaros.
13:38 of 1st period - Shot by Derek Roy.
13:38 of 1st period - Shot Blocked by Brian Rafalski.
13:52 of 1st period - Shot by Alexei Yashin.
13:52 of 1st period - Stopped by Ryan Miller without a rebound.
13:53 of 1st period - Doug Weight wins face-off versus Mike Ribeiro in Sabres zone.
14:10 of 1st period - Shot by Michael Ryder.
14:10 of 1st period - Stopped by Roberto Luongo without a rebound.
14:11 of 1st period - Scott Gomez wins face-off versus Michael Ryder in Canadiens zone.
14:22 of 1st period - Shot by Thomas Vanek.
14:22 of 1st period - Deflect By Nathan Horton.
14:22 of 1st period - Shot Misses the Net.
14:26 of 1st period - Shot by John-Michael Liles.
14:26 of 1st period - Shot Misses the Net.
14:28 of 1st period - Shot by Nathan Horton.
14:28 of 1st period - Shot Misses the Net.
14:30 of 1st period - Shot by Dmitri Kalinin.
14:30 of 1st period - Stopped by Roberto Luongo without a rebound.
14:31 of 1st period - Derek Roy wins face-off versus Alexei Yashin in Canadiens zone.
14:31 of 1st period - Derek Roy is hit by Keith Carney.
15:37 of 1st period - Shot by Brian Gionta.
15:37 of 1st period - Shot Misses the Net.
15:55 of 1st period - Shot by Brian Gionta.
15:55 of 1st period - Stopped by Ryan Miller with a rebound.
16:22 of 1st period - Lubomir Visnovsky is hit by Johan Franzen and loses puck.
16:39 of 1st period - Shot by Mike Comrie.
16:39 of 1st period - Stopped by Ryan Miller without a rebound.
16:40 of 1st period - Alexei Yashin wins face-off versus Michael Ryder in Sabres zone.
16:42 of 1st period - Mathieu Dandenault is hit by John-Michael Liles and loses puck.
17:08 of 1st period - Shot by Thomas Vanek.
17:08 of 1st period - Shot Hit the Post.
17:37 of 1st period - Mike Ribeiro is hit by Rob Blake and loses puck.
17:53 of 1st period - Minor Penalty to Rob Blake for Tripping.
17:54 of 1st period - Scott Gomez wins face-off versus Henrik Zetterberg in Sabres zone.
18:01 of 1st period - Shot by Mike Comrie.
18:01 of 1st period - Deflect By Scott Gomez.
18:01 of 1st period - Shot Blocked by Henrik Zetterberg.
18:07 of 1st period - Shot by Mike Comrie.
18:07 of 1st period - Stopped by Ryan Miller with a rebound.
18:09 of 1st period - Shot by Scott Gomez.
18:09 of 1st period - Stopped by Ryan Miller with a rebound.
18:45 of 1st period - Minor Penalty to Darcy Tucker for High sticking.
18:46 of 1st period - Mike Comrie wins face-off versus Thomas Vanek in Sabres zone.
19:04 of 1st period - Shot by Thomas Vanek.
19:04 of 1st period - Stopped by Roberto Luongo without a rebound.
19:05 of 1st period - Alexei Yashin wins face-off versus Chris Drury in Canadiens zone.
19:22 of 1st period - Shot by Lubomir Visnovsky.
19:22 of 1st period - Stopped by Ryan Miller without a rebound.
19:23 of 1st period - Thomas Vanek wins face-off versus Mike Ribeiro in Sabres zone.

Period #2

0:01 of 2nd period - Alexei Yashin wins face-off versus Milan Hejduk in neutral zone.
0:20 of 2nd period - Shot by Rob Blake.
0:20 of 2nd period - Shot Misses the Net.
0:34 of 2nd period - Off-side.
0:35 of 2nd period - Alexei Yashin wins face-off versus Johan Franzen in neutral zone.
0:41 of 2nd period - Icing by Johan Franzen.
0:42 of 2nd period - Mike Ribeiro wins face-off versus Johan Franzen in Sabres zone.
0:52 of 2nd period - Off-side.
0:53 of 2nd period - Derek Roy wins face-off versus Scott Gomez in neutral zone.
1:33 of 2nd period - Minor Penalty to Jochen Hecht for Hooking.
1:34 of 2nd period - Scott Gomez wins face-off versus Henrik Zetterberg in neutral zone.
1:45 of 2nd period - Shot by Ed Jovanovski.
1:45 of 2nd period - Stopped by Ryan Miller without a rebound.
1:46 of 2nd period - Scott Gomez wins face-off versus Henrik Zetterberg in Sabres zone.
2:33 of 2nd period - Shot by Lubomir Visnovsky.
2:33 of 2nd period - Stopped by Ryan Miller without a rebound.
2:34 of 2nd period - Henrik Zetterberg wins face-off versus Alexei Yashin in Sabres zone.
2:43 of 2nd period - Shot by Alexei Yashin.
2:43 of 2nd period - Deflect By Mike Comrie.
2:43 of 2nd period - Stopped by Ryan Miller with a rebound.
2:47 of 2nd period - Shot by Alexei Yashin.
2:47 of 2nd period - Stopped by Ryan Miller with a rebound.
2:53 of 2nd period - Shot by Lubomir Visnovsky.
2:53 of 2nd period - Shot Misses the Net.
2:55 of 2nd period - Shot by Brian Rafalski.
2:55 of 2nd period - Stopped by Ryan Miller without a rebound.
2:56 of 2nd period - Johan Franzen wins face-off versus Darcy Tucker in Sabres zone.
3:06 of 2nd period - Icing by Ed Jovanovski.
3:07 of 2nd period - Mike Ribeiro wins face-off versus Michael Ryder in Canadiens zone.
3:07 of 2nd period - Mike Ribeiro is hit by Michael Ryder.
3:22 of 2nd period - Icing by Ed Jovanovski.
3:23 of 2nd period - Henrik Zetterberg wins face-off versus Darcy Tucker in Canadiens zone.
3:34 of 2nd period - Shot by Darcy Tucker.
3:34 of 2nd period - Shot Blocked by Danny Markov.
3:36 of 2nd period - Shot by Keith Carney.
3:36 of 2nd period - Shot Blocked by Danny Markov.
3:40 of 2nd period - Shot by Mathieu Dandenault.
3:40 of 2nd period - Stopped by Ryan Miller with a rebound.
3:44 of 2nd period - Shot by Alexei Yashin.
3:44 of 2nd period - Shot Misses the Net.
3:48 of 2nd period - Shot by Mathieu Dandenault.
3:48 of 2nd period - Shot Misses the Net.
4:06 of 2nd period - Jochen Hecht is hit by Keith Carney and loses puck.
4:36 of 2nd period - Off-side.
4:37 of 2nd period - Milan Hejduk wins face-off versus Scott Gomez in neutral zone.
4:42 of 2nd period - Shot by Thomas Vanek.
4:42 of 2nd period - Stopped by Roberto Luongo with a rebound.
4:46 of 2nd period - Shot by John-Michael Liles.
4:46 of 2nd period - Stopped by Roberto Luongo with a rebound.
4:48 of 2nd period - Shot by Milan Hejduk.
4:48 of 2nd period - Stopped by Roberto Luongo with a rebound.
4:50 of 2nd period - Shot by Milan Hejduk.
4:50 of 2nd period - Deflect By Thomas Vanek.
4:50 of 2nd period - Stopped by Roberto Luongo with a rebound.
4:52 of 2nd period - Shot by Milan Hejduk.
4:52 of 2nd period - Shot Blocked by Mike Comrie.
4:56 of 2nd period - Shot by Nathan Horton.
4:56 of 2nd period - Stopped by Roberto Luongo without a rebound.
4:56 of 2nd period - Major / Game Misconduct Penalty to Brian Rafalski for Unsportsmanlike conduct.
4:56 of 2nd period - Brian Rafalski is ejected from game.
4:57 of 2nd period - Mike Ribeiro wins face-off versus Johan Franzen in Canadiens zone.
5:22 of 2nd period - Shot by Rob Blake.
5:22 of 2nd period - Stopped by Roberto Luongo without a rebound.
5:23 of 2nd period - Michael Ryder wins face-off versus Alexei Yashin in Canadiens zone.
6:01 of 2nd period - Shot by Thomas Vanek.
6:01 of 2nd period - Shot Misses the Net.
7:25 of 2nd period - Shot by John-Michael Liles.
7:25 of 2nd period - Stopped by Roberto Luongo without a rebound.
7:26 of 2nd period - Alexei Yashin wins face-off versus Thomas Vanek in Canadiens zone.
7:40 of 2nd period - Icing by Nathan Horton.
7:41 of 2nd period - Chris Drury wins face-off versus Alexei Yashin in Sabres zone.
7:46 of 2nd period - Scott Gomez is hit by Chris Drury and loses puck.
8:26 of 2nd period - Milan Hejduk is hit by Ryan Whitney.
8:28 of 2nd period - Shot by Rob Blake.
8:28 of 2nd period - Stopped by Roberto Luongo without a rebound.
8:29 of 2nd period - Alexei Yashin wins face-off versus Johan Franzen in Canadiens zone.
9:44 of 2nd period - Shot by Daniel Briere.
9:44 of 2nd period - Shot Blocked by Ales Hemsky.
9:48 of 2nd period - Shot by Milan Hejduk.
9:48 of 2nd period - Stopped by Roberto Luongo without a rebound.
9:49 of 2nd period - Mike Ribeiro wins face-off versus Johan Franzen in Canadiens zone.
11:24 of 2nd period - Icing by Mathieu Dandenault.
11:25 of 2nd period - Derek Roy wins face-off versus Alexei Yashin in Canadiens zone.
11:47 of 2nd period - Minor Penalty to Ed Jovanovski for Hooking.
11:48 of 2nd period - Mike Ribeiro wins face-off versus Johan Franzen in Canadiens zone.
12:11 of 2nd period - Mike Comrie is hit by Johan Franzen and loses puck.
13:27 of 2nd period - Icing by Dmitri Kalinin.
13:28 of 2nd period - Chris Drury wins face-off versus Ales Hemsky in Sabres zone.
13:46 of 2nd period - Rob Blake is hit by Antoine Vermette and loses puck.
14:05 of 2nd period - Shot by Derek Roy.
14:05 of 2nd period - Shot Hit the Post.
14:07 of 2nd period - Shot by Derek Roy.
14:07 of 2nd period - Stopped by Roberto Luongo without a rebound.
14:08 of 2nd period - Derek Roy wins face-off versus Mike Ribeiro in Canadiens zone.
14:40 of 2nd period - Minor Penalty to Danny Markov for Charging.
14:41 of 2nd period - Alexei Yashin wins face-off versus Henrik Zetterberg in Sabres zone.
14:46 of 2nd period - Shot by Filip Kuba.
14:46 of 2nd period - Shot Misses the Net.
14:51 of 2nd period - Shot by Filip Kuba.
14:51 of 2nd period - Shot Blocked by Dmitri Kalinin.
14:53 of 2nd period - Shot by Filip Kuba.
14:53 of 2nd period - Shot Misses the Net.
14:57 of 2nd period - Shot by Ales Hemsky.
14:57 of 2nd period - Stopped by Ryan Miller with a rebound.
14:59 of 2nd period - Shot by Mike Comrie.
14:59 of 2nd period - Shot Misses the Net.
15:03 of 2nd period - Shot by Mike Comrie.
15:03 of 2nd period - Shot Misses the Net.
15:07 of 2nd period - Shot by Mike Comrie.
15:07 of 2nd period - Goal by Mike Comrie - Canadiens : 1 - Sabres : 1.
15:08 of 2nd period - Doug Weight wins face-off versus Antoine Vermette in neutral zone.
15:13 of 2nd period - Shot by Johan Franzen.
15:13 of 2nd period - Stopped by Roberto Luongo without a rebound.
15:14 of 2nd period - Doug Weight wins face-off versus Antoine Vermette in Canadiens zone.
15:56 of 2nd period - Icing by Mike Comrie.
15:57 of 2nd period - Antoine Vermette wins face-off versus Thomas Vanek in Canadiens zone.
16:13 of 2nd period - Icing by Dmitri Kalinin.
16:14 of 2nd period - Mike Ribeiro wins face-off versus Michael Ryder in Sabres zone.
16:14 of 2nd period - Ryan Whitney is hit by John-Michael Liles and loses puck.
16:40 of 2nd period - Minor Penalty to Jochen Hecht for Roughing.
16:41 of 2nd period - Scott Gomez wins face-off versus Henrik Zetterberg in neutral zone.
16:47 of 2nd period - Off-side.
16:48 of 2nd period - Henrik Zetterberg wins face-off versus Scott Gomez in neutral zone.
16:59 of 2nd period - Shot by Ed Jovanovski.
16:59 of 2nd period - Shot Misses the Net.
17:27 of 2nd period - Shot by Lubomir Visnovsky.
17:27 of 2nd period - Stopped by Ryan Miller without a rebound.
17:28 of 2nd period - Henrik Zetterberg wins face-off versus Alexei Yashin in Sabres zone.
17:37 of 2nd period - Shot by Lubomir Visnovsky.
17:37 of 2nd period - Deflect By Ales Hemsky.
17:37 of 2nd period - Shot Blocked by Henrik Zetterberg.
17:39 of 2nd period - Shot by Filip Kuba.
17:39 of 2nd period - Shot Misses the Net.
18:36 of 2nd period - Shot by Scott Gomez.
18:36 of 2nd period - Stopped by Ryan Miller without a rebound.
18:37 of 2nd period - Mike Ribeiro wins face-off versus Henrik Zetterberg in Sabres zone.
18:40 of 2nd period - Shot by Ales Hemsky.
18:40 of 2nd period - Stopped by Ryan Miller without a rebound.
18:41 of 2nd period - Derek Roy wins face-off versus Antoine Vermette in Sabres zone.
19:02 of 2nd period - Shot by Derek Roy.
19:02 of 2nd period - Shot Misses the Net.
19:04 of 2nd period - Shot by Toni Lydman.
19:04 of 2nd period - Shot Blocked by Andrej Meszaros.
19:06 of 2nd period - Shot by Jochen Hecht.
19:06 of 2nd period - Goal by Jochen Hecht - Canadiens : 1 - Sabres : 2.
19:07 of 2nd period - Alexei Yashin wins face-off versus Michael Ryder in neutral zone.
19:26 of 2nd period - Shot by Alexei Yashin.
19:26 of 2nd period - Goal by Alexei Yashin - Canadiens : 2 - Sabres : 2.
19:27 of 2nd period - Scott Gomez wins face-off versus Thomas Vanek in neutral zone.
19:36 of 2nd period - Shot by Scott Gomez.
19:36 of 2nd period - Shot Blocked by Brian Campbell.
19:39 of 2nd period - Icing by Milan Hejduk.
19:40 of 2nd period - Antoine Vermette wins face-off versus Henrik Zetterberg in Sabres zone.

Period #3

0:01 of 3rd period - Johan Franzen wins face-off versus Scott Gomez in neutral zone.
0:55 of 3rd period - Minor Penalty to Michael Ryder for Holding.
0:56 of 3rd period - Darcy Tucker wins face-off versus Thomas Vanek in neutral zone.
1:03 of 3rd period - Shot by Alexei Yashin.
1:03 of 3rd period - Goal by Alexei Yashin - Canadiens : 3 - Sabres : 2.
1:04 of 3rd period - Michael Ryder wins face-off versus Antoine Vermette in neutral zone.
1:35 of 3rd period - Shot by Thomas Vanek.
1:35 of 3rd period - Stopped by Roberto Luongo without a rebound.
1:36 of 3rd period - Johan Franzen wins face-off versus Alexei Yashin in Canadiens zone.
2:12 of 3rd period - Off-side.
2:13 of 3rd period - Michael Ryder wins face-off versus Scott Gomez in neutral zone.
2:22 of 3rd period - Shot by Nathan Horton.
2:22 of 3rd period - Goal by Nathan Horton - Canadiens : 3 - Sabres : 3.
2:23 of 3rd period - Mike Ribeiro wins face-off versus Johan Franzen in neutral zone.
2:50 of 3rd period - Shot by Mike Ribeiro.
2:50 of 3rd period - Shot Misses the Net.
2:52 of 3rd period - Shot by Mike Ribeiro.
2:52 of 3rd period - Stopped by Ryan Miller without a rebound.
2:53 of 3rd period - Nathan Horton wins face-off versus Scott Gomez in Sabres zone.
3:03 of 3rd period - Shot by Nathan Horton.
3:03 of 3rd period - Stopped by Roberto Luongo with a rebound.
3:13 of 3rd period - Shot by Ales Hemsky.
3:13 of 3rd period - Shot Misses the Net.
3:33 of 3rd period - Shot by Nathan Horton.
3:33 of 3rd period - Stopped by Roberto Luongo without a rebound.
3:34 of 3rd period - Jochen Hecht wins face-off versus Antoine Vermette in Canadiens zone.
3:41 of 3rd period - Shot by Derek Roy.
3:41 of 3rd period - Stopped by Roberto Luongo with a rebound.
3:46 of 3rd period - Icing by Ryan Whitney.
3:47 of 3rd period - Johan Franzen wins face-off versus Antoine Vermette in Canadiens zone.
3:50 of 3rd period - Shot by Henrik Zetterberg.
3:50 of 3rd period - Stopped by Roberto Luongo without a rebound.
3:51 of 3rd period - Mike Ribeiro wins face-off versus Derek Roy in Canadiens zone.
4:02 of 3rd period - Shot by Darcy Tucker.
4:02 of 3rd period - Stopped by Ryan Miller with a rebound.
4:04 of 3rd period - Shot by Brian Gionta.
4:04 of 3rd period - Stopped by Ryan Miller without a rebound.
4:05 of 3rd period - Michael Ryder wins face-off versus Antoine Vermette in Sabres zone.
4:05 of 3rd period - Michael Ryder is hit by Alexei Yashin.
6:01 of 3rd period - Shot by Jochen Hecht.
6:01 of 3rd period - Stopped by Roberto Luongo with a rebound.
6:05 of 3rd period - Shot by Jochen Hecht.
6:05 of 3rd period - Stopped by Roberto Luongo without a rebound.
6:06 of 3rd period - Derek Roy wins face-off versus Antoine Vermette in Canadiens zone.
6:19 of 3rd period - Shot by Jochen Hecht.
6:19 of 3rd period - Shot Misses the Net.
6:27 of 3rd period - Shot by Jochen Hecht.
6:27 of 3rd period - Stopped by Roberto Luongo without a rebound.
6:28 of 3rd period - Doug Weight wins face-off versus Alexei Yashin in Canadiens zone.
6:29 of 3rd period - Shot by Rob Blake.
6:29 of 3rd period - Shot Blocked by Filip Kuba.
6:56 of 3rd period - Shot by Jon Sim.
6:56 of 3rd period - Shot Misses the Net.
6:58 of 3rd period - Shot by Alexei Yashin.
6:58 of 3rd period - Goal by Alexei Yashin - Canadiens : 4 - Sabres : 3.
6:59 of 3rd period - Michael Ryder wins face-off versus Mike Ribeiro in neutral zone.
6:59 of 3rd period - Thomas Vanek is hit by Mike Ribeiro and loses puck.
7:09 of 3rd period - Brian Gionta is hit by John-Michael Liles and loses puck.
7:13 of 3rd period - Minor Penalty to Dmitri Kalinin for Hooking.
7:14 of 3rd period - Henrik Zetterberg wins face-off versus Scott Gomez in Sabres zone.
7:45 of 3rd period - Shot by Ryan Whitney.
7:45 of 3rd period - Shot Hit the Post.
7:47 of 3rd period - Shot by Ryan Whitney.
7:47 of 3rd period - Shot Misses the Net.
8:03 of 3rd period - Shot by Lubomir Visnovsky.
8:03 of 3rd period - Shot Blocked by Brian Campbell.
8:36 of 3rd period - Minor Penalty to Ales Hemsky for Roughing.
8:37 of 3rd period - Mike Ribeiro wins face-off versus Thomas Vanek in neutral zone.
8:40 of 3rd period - Shot by Mike Comrie.
8:40 of 3rd period - Stopped by Ryan Miller without a rebound.
8:41 of 3rd period - Mike Ribeiro wins face-off versus Thomas Vanek in Sabres zone.
8:52 of 3rd period - Ed Jovanovski is hit by Milan Hejduk and loses puck.
9:25 of 3rd period - Shot by Thomas Vanek.
9:25 of 3rd period - Stopped by Roberto Luongo without a rebound.
9:26 of 3rd period - Michael Ryder wins face-off versus Mike Ribeiro in Canadiens zone.
9:51 of 3rd period - Shot by Nathan Horton.
9:51 of 3rd period - Stopped by Roberto Luongo with a rebound.
9:55 of 3rd period - Shot by Rob Blake.
9:55 of 3rd period - Shot Misses the Net.
10:57 of 3rd period - Shot by Jochen Hecht.
10:57 of 3rd period - Stopped by Roberto Luongo without a rebound.
10:58 of 3rd period - Alexei Yashin wins face-off versus Doug Weight in Canadiens zone.
11:23 of 3rd period - Shot by Michael Ryder.
11:23 of 3rd period - Stopped by Roberto Luongo without a rebound.
11:24 of 3rd period - Derek Roy wins face-off versus Antoine Vermette in Canadiens zone.
11:30 of 3rd period - Icing by Lubomir Visnovsky.
11:31 of 3rd period - Derek Roy wins face-off versus Antoine Vermette in Canadiens zone.
11:31 of 3rd period - Jochen Hecht is hit by Andrej Meszaros and loses puck.
11:35 of 3rd period - Minor Penalty to Andrej Meszaros for Holding.
11:36 of 3rd period - Ales Hemsky wins face-off versus Johan Franzen in Canadiens zone.
12:52 of 3rd period - Keith Carney is hit by Michael Ryder and loses puck.
13:11 of 3rd period - Shot by Dmitri Kalinin.
13:11 of 3rd period - Stopped by Roberto Luongo with a rebound.
13:15 of 3rd period - Shot by Chris Drury.
13:15 of 3rd period - Deflect By Thomas Vanek.
13:15 of 3rd period - Shot Blocked by Ed Jovanovski.
13:17 of 3rd period - Shot by Nathan Horton.
13:17 of 3rd period - Deflect By Chris Drury.
13:17 of 3rd period - Shot Blocked by Ryan Whitney.
13:19 of 3rd period - Shot by Dmitri Kalinin.
13:19 of 3rd period - Shot Misses the Net.
13:21 of 3rd period - Shot by Thomas Vanek.
13:21 of 3rd period - Stopped by Roberto Luongo without a rebound.
13:22 of 3rd period - Johan Franzen wins face-off versus Ales Hemsky in Canadiens zone.
13:27 of 3rd period - Shot by John-Michael Liles.
13:27 of 3rd period - Stopped by Roberto Luongo without a rebound.
13:28 of 3rd period - Johan Franzen wins face-off versus Alexei Yashin in Canadiens zone.
13:31 of 3rd period - Shot by Brian Campbell.
13:31 of 3rd period - Shot Misses the Net.
13:33 of 3rd period - Shot by Milan Hejduk.
13:33 of 3rd period - Stopped by Roberto Luongo with a rebound.
13:35 of 3rd period - Shot by Johan Franzen.
13:35 of 3rd period - Shot Misses the Net.
13:42 of 3rd period - Minor Penalty to Johan Franzen for Interference.
13:43 of 3rd period - Scott Gomez wins face-off versus Henrik Zetterberg in neutral zone.
13:46 of 3rd period - Shot by Ryan Whitney.
13:46 of 3rd period - Shot Blocked by John-Michael Liles.
15:49 of 3rd period - Derek Roy is hit by Mike Comrie and loses puck.
16:05 of 3rd period - Shot by Jochen Hecht.
16:05 of 3rd period - Shot Blocked by Andrej Meszaros.
16:07 of 3rd period - Shot by Derek Roy.
16:07 of 3rd period - Stopped by Roberto Luongo without a rebound.
16:08 of 3rd period - Mike Ribeiro wins face-off versus Doug Weight in Canadiens zone.
16:16 of 3rd period - Icing by Mike Ribeiro.
16:17 of 3rd period - Jon Sim wins face-off versus Michael Ryder in Canadiens zone.
16:17 of 3rd period - Jon Sim is hit by Nathan Horton.
16:41 of 3rd period - Shot by Thomas Vanek.
16:41 of 3rd period - Stopped by Roberto Luongo with a rebound.
16:43 of 3rd period - Shot by Michael Ryder.
16:43 of 3rd period - Stopped by Roberto Luongo without a rebound.
16:44 of 3rd period - Antoine Vermette wins face-off versus Derek Roy in Canadiens zone.
17:04 of 3rd period - Shot by Jochen Hecht.
17:04 of 3rd period - Deflect By Derek Roy.
17:04 of 3rd period - Shot Blocked by Alexei Yashin.
17:08 of 3rd period - Shot by Derek Roy.
17:08 of 3rd period - Shot Blocked by Andrej Meszaros.
17:10 of 3rd period - Shot by Johan Franzen.
17:10 of 3rd period - Stopped by Roberto Luongo without a rebound.
17:11 of 3rd period - Johan Franzen wins face-off versus Mike Ribeiro in Canadiens zone.
17:38 of 3rd period - Shot by Darcy Tucker.
17:38 of 3rd period - Stopped by Ryan Miller without a rebound.
17:39 of 3rd period - Michael Ryder wins face-off versus Scott Gomez in Sabres zone.
17:39 of 3rd period - Michael Ryder is hit by Mike Comrie.
18:08 of 3rd period - Minor Penalty to Mike Comrie for Interference.
18:09 of 3rd period - Johan Franzen wins face-off versus Alexei Yashin in Sabres zone.
18:30 of 3rd period - Shot by Milan Hejduk.
18:30 of 3rd period - Stopped by Roberto Luongo without a rebound.
18:31 of 3rd period - Nathan Horton wins face-off versus Mike Ribeiro in Canadiens zone.
19:08 of 3rd period - Nathan Horton is hit by Mike Ribeiro and loses puck.
19:34 of 3rd period - Sabres, Ryan Miller is pulled from the net.
19:48 of 3rd period - Shot by Henrik Zetterberg.
19:48 of 3rd period - Stopped by Roberto Luongo without a rebound.
19:49 of 3rd period - Johan Franzen wins face-off versus Alexei Yashin in Canadiens zone.
19:52 of 3rd period - Shot by Henrik Zetterberg.
19:52 of 3rd period - Stopped by Roberto Luongo without a rebound.
19:53 of 3rd period - Mike Ribeiro wins face-off versus Johan Franzen in Canadiens zone.


Output by the SimonT Hockey Simulator (STHS) for Stephane Roy -- Original Page W3C XHTML 1.0 Valid